 Dungeon Crawl Stone Soup version 0.28-a0-863-g8cecda6153 (webtiles) character file.

Game seed: 1223201622917760918

66 sanka the Chopper (level 3, -1/31 HPs)
             Began as a Palentonga Abyssal Knight on Nov 17, 2021.
             Was a Follower of Lugonu.
             Slain by Robin (5 damage)
             ... on level 1 of the Dungeon.
             The game lasted 00:02:39 (1967 turns).

sanka the Chopper (Palentonga Abyssal Knight)       Turns: 1967, Time: 00:02:39

Health: -1/31      AC:  4    Str: 17    XL:     3   Next: 96%
Magic:  4/4        EV:  9    Int: 10    God:    Lugonu [*.....]
Gold:   61         SH:  0    Dex: 10    Spells: 2/2 levels left

rFire   + . .      SeeInvis +   i - +0 war axe
rCold   + . .      Faith    .   (no shield)
rNeg    . . .      Spirit   .   b - +0 leather armour
rPois   .          Reflect  .   (no helmet)
rElec   .          Harm     .   (no cloak)
rCorr   .          Rampage  .   (no gloves)
Will    .....                   (no barding)
Stlth   +.........              (no amulet)
HPRegen 0.10/turn               f - ring of protection from fire
MPRegen 0.09/turn               c - ring of protection from cold

@: no status effects
A: large, rugged brown scales 3, see invisible, deformed body, roll 1, armoured
tail
a: Rolling Charge, Renounce Religion, Depart the Abyss


You were on level 1 of the Dungeon.
You worshipped Lugonu.
Lugonu was aware of your devotion.
You visited 1 branch of the dungeon, and saw 2 of its levels.
You visited the Abyss 1 time.

You collected 61 gold pieces.


Innate Abilities, Weirdness & Mutations

You are completely covered in rugged brown scales. (AC +3, +7% HP)
You have supernaturally acute eyesight. (SInv)
Armour fits poorly on your strangely shaped body.
You can roll at nearby foes to attack.
You have a long armoured tail.


   Skills:
 - Level 3.0 Fighting
 + Level 4.3 Axes
 - Level 1.5 Armour
 - Level 0.7 Dodging
 - Level 2.0 Invocations


You had 2 spell levels left.
You didn't know any spells.
Your spell library was empty.

Inventory:

Hand Weapons
 a - a +1 hand axe
 h - a +1 dagger of venom
 i - a +0 war axe (weapon)
Armour
 b - a +0 leather armour (worn)
Jewellery
 c - a ring of protection from cold (right hand)
 f - a ring of protection from fire (left hand)
Scrolls
 e - 3 scrolls of identify {unknown}
Potions
 d - a potion of curing {unknown}
 g - a potion of lignification {unknown}

Dungeon Overview and Level Annotations

Branches:
Dungeon (2/15)

Altars:

Annotations:
D:1 Robin

▒.▒ ▒.▒▒▒▒▒▒▒.▒.▒⌠▒...▒▒.▒ ▒
▒.▒▒▒▒▒▒.▒ ▒.▒.▒▒▒..▒▒▒.▒ ▒
▒.▒......▒ ▒.▒......▒ ▒.▒ ▒
▒...▒▒▒▒.▒ ▒.▒▒▒.▒▒▒▒ ▒.▒ ▒
.......▒.▒ ▒.▒ ▒.▒ ▒.▒ ▒
.▒▒.▒▒.▒.▒ ▒.▒ ▒.▒▒▒▒▒▒.▒▒▒▒▒
.▒▒.▒▒.▒.▒ ▒.▒ ▒......▒......
.........▒ ▒▒▒▒.▒▒▒▒▒▒.▒........
.▒...▒.▒.▒▒▒▒...H▒▒...▒...▒▒▒▒▒▒▒
...▒..........▒g)▒▒.▒.....†..▒
.......▒.▒▒▒▒.............▒▒.▒
...▒..............▒▒▒▒▒..▒▒▒.▒
▒▒...▒▒..▒▒▒▒▒.▒▒...▒...▒▒ ▒.▒
...▒.....▒▒.........▒.▒▒▒ ▒.▒▒▒▒
▒..▒.▒▒▒.▒▒...........▒▒ ▒.....
▒..▒.▒▒▒..)........▒...▒ ▒▒▒▒▒▒
▒......)...........▒▒▒.▒


You could see Robin.


Message History

Unknown command.
You slash Robin!
Robin is heavily wounded.
Robin hits you with a +3 short sword of freezing.
Robin freezes you.
You barely miss Robin.
Robin is heavily wounded.
Robin hits you with a +3 short sword of freezing.
Robin freezes you.
You hit Robin.
Robin is severely wounded.
Robin barely misses you.
You hit Robin. You tail-slap Robin, but do no damage.
Robin is almost dead.
Robin hits you with a +3 short sword of freezing.
* * * LOW HITPOINT WARNING * * *
Robin hits you with a +3 short sword of freezing.
* * * LOW HITPOINT WARNING * * *
Robin freezes you.
* * * LOW HITPOINT WARNING * * *
You hit Robin but do no damage.
Robin is almost dead.
Robin hits you with a +3 short sword of freezing.
* * * LOW HITPOINT WARNING * * *
You barely miss Robin.
Robin is almost dead.
Robin laughs in a distinctly smug fashion.
Robin hits you with a +3 short sword of freezing.
You die...

Action                   || total
-------------------------++-------
Melee: Hand axe          ||    86
       Tailslap          ||    10
       War axe           ||    18
       Dagger            ||     2
Invok: Depart the Abyss  ||     1
 Abil: Rolling Charge    ||     1
 Stab: Sleeping          ||     1
Armor: Leather armour    ||    18
Dodge: Dodged            ||    41

Levels and vault maps discovered:
D:1:      roderic_dead_forest, layout_loops_ring, minmay_crystal_water,
          palyth_stone_intersect, feat_on_display
D:2:      layout_rooms, basic_altar, guppyfry_early_orc_mine, uniq_robin

Notes
Turn   | Place    | Note
-------+----------+-------------------------------------------
     0 | Abyss:1  | sanka the Palentonga Abyssal Knight began the quest for the
                  | Orb.
     0 | Abyss:1  | Reached XP level 1. HP: 19/19 MP: 2/2
    74 | Abyss:1  | Noticed a dire elephant skeleton
    83 | Abyss:1  | Noticed a small abomination
    86 | Abyss:1  | Noticed an efreet
    88 | D:1      | Escaped the Abyss
   181 | D:1      | Reached XP level 2. HP: 22/25 MP: 3/3
   285 | D:1      | Reached skill level 3 in Axes
   439 | D:1      | Reached * piety under Lugonu
   733 | D:1      | Reached XP level 3. HP: 30/31 MP: 4/4
  1273 | D:2      | Reached skill level 4 in Axes
  1735 | D:2      | Noticed Robin
  1967 | D:1      | Slain by Robin

Vanquished Creatures
  An adder (D:2)
  2 worms (D:2)
  2 orcs (D:2)
  2 ball pythons (D:1)
  3 endoplasms
  3 giant cockroaches (D:1)
  13 goblins
  6 hobgoblins
  3 jackals (D:1)
  A quokka (D:1)
  A frilled lizard (D:2)
  3 kobolds (D:1)
  2 rats (D:1)
42 creatures vanquished.
